AoeStats
← Jan the Hakker

Black Forest

508087748Analyzed
4v4 RM · 10d ago on Sep 20, 2026· 38m 28s· 8 players
Game mode
Random Map
Map size
Large (8 player)
Population
200
Speed
Normal
Resources
Standard
Victory
Conquest
Starting age
Dark Age
Ending age
Imperial Age
RankedLock teamsTeams togetherTeam positionsShared explorationLock speedFull tech treeHidden civsTurbo modeCheats
Victory
Defeat
🇧🇪 Khmer · Belgium
1712
+8
🇳🇱 Burmese · Netherlands
1610
+11
🇧🇪 Lithuanians · Belgium
1435
+18
🇬🇧 Franks · United Kingdom
1374
+21
🇦🇷 Dravidians · Argentina
1538
-16
🇹🇷 Persians · Türkiye
1511
-15
🇦🇷 Bulgarians · Argentina
1505
-15
🇦🇷 Maya · Argentina
1430
-12
jAvi
10:13 Feudal Age
14:18 Castle Age
13:31 Double-Bit Axe
22:41 Wheelbarrow
22:36 Horse Collar
23:09 Bow Saw
24:13 Heavy Plow
26:06 Hand Cart
25:37 Loom
25:49 Stone Mining
25:49 Gold Mining
26:15 Scale Barding Armor
26:21 Forging
30:30 Imperial Age
27:59 Gambesons
28:15 Squires
28:45 Scale Mail Armor
28:56 Forging
30:23 Chain Mail Armor
30:44 Iron Casting
29:40 Pikeman
30:43 Arson
30:45 Halberdier
31:57 Plate Mail Armor
31:33 Scale Barding Armor
32:30 Blast Furnace
34:10 Chain Barding Armor
35:30 Plate Barding Armor
35:55 Conscription
35:35 Stirrups
38:12 Crop Rotation
37:39 Light Cavalry
38:29 Bloodlines
38:19 Husbandry
weaking
0:26 Loom
14:04 Feudal Age
17:20 Fletching
18:33 Padded Archer Armor
25:45 Castle Age
26:29 Bodkin Arrow
27:07 Leather Archer Armor
26:20 Crossbowman
28:33 Double-Bit Axe
33:02 Horse Collar
34:17 Bow Saw
35:52 Squires
40:12 Imperial Age
38:30 Sanctity
Dino_Mate
11:40 Feudal Age
15:32 Castle Age
14:22 Double-Bit Axe
15:26 Fishing Lines
16:45 Bow Saw
20:39 Gold Mining
20:45 Horse Collar
22:30 Wheelbarrow
22:27 Heavy Plow
22:52 Stone Mining
24:38 Hand Cart
24:09 Loom
29:47 Imperial Age
26:42 Pikeman
27:33 Squires
28:09 Scale Mail Armor
28:20 Forging
29:30 Chain Mail Armor
29:50 Iron Casting
29:48 Siege Elephant
29:49 Halberdier
31:05 Plate Mail Armor
31:49 Wootz Steel
31:52 Conscription
34:01 Blast Furnace
34:44 Medical Corps
35:23 Scale Barding Armor
35:55 Husbandry
36:41 Chain Barding Armor
36:54 Man-at-Arms
37:19 Gambesons
37:28 Long Swordsman
37:56 Arson
The_ropztr
0:50 Loom
11:19 Feudal Age
17:17 Castle Age
17:42 Fletching
31:34 Imperial Age
32:03 Double-Bit Axe
32:12 Horse Collar
35:33 Forging
36:50 Fletching
37:01 Padded Archer Armor
36:28 Elite Skirmisher
39:11 Wheelbarrow
rizz
5:17 Loom
14:37 Feudal Age
14:41 Man-at-Arms
19:32 Double-Bit Axe
28:04 Castle Age
28:33 Scale Barding Armor
28:15 Town Watch
28:34 Fletching
32:38 Husbandry
32:55 Forging
35:39 Wheelbarrow
36:49 Scale Mail Armor
36:19 Long Swordsman
36:44 Gambesons
Jan the Hakker
5:05 Loom
9:37 Feudal Age
9:44 Man-at-Arms
15:05 Horse Collar
20:18 Castle Age
22:29 Heavy Plow
23:23 Town Watch
24:14 Wheelbarrow
28:15 Gold Mining
32:03 Imperial Age
31:33 Padded Archer Armor
34:57 Fletching
35:32 Bodkin Arrow
36:35 Bracer
37:56 Heavy Cavalry Archer
39:02 Parthian Tactics
37:59 Heavy Cavalry Archer
RIBBEN
6:01 Loom
11:26 Feudal Age
11:57 Double-Bit Axe
18:09 Castle Age
17:07 Horse Collar
17:28 Fishing Lines
18:17 Gold Mining
18:18 Stone Mining
18:26 Stone Mining
19:39 Heavy Plow
19:54 Bow Saw
19:37 Gillnets
21:59 Wheelbarrow
25:39 Hand Cart
25:10 Town Watch
26:57 Pikeman
27:37 Squires
27:38 Scale Mail Armor
27:48 Forging
30:53 Imperial Age
28:42 Chain Mail Armor
29:53 Iron Casting
30:42 Caravan
31:12 Coinage
31:29 Scale Barding Armor
31:51 Ballistics
31:18 Halberdier
32:33 Chain Barding Armor
32:05 Fletching
32:15 Padded Archer Armor
31:42 Light Cavalry
32:23 Husbandry
31:48 Elite Skirmisher
32:33 Thumb Ring
33:48 Banking
33:33 Fletching
33:43 Padded Archer Armor
35:12 Chemistry
34:27 Tower Shields
34:47 Conscription
34:56 Bloodlines
34:06 Cavalier
35:26 Leather Archer Armor
35:09 Bodkin Arrow
35:29 Leather Archer Armor
35:49 Bracer
36:08 Leather Archer Armor
37:52 Masonry
37:54 Fortified Wall
39:29 Two-Man Saw
39:00 Crop Rotation
39:21 Plate Barding Armor
39:17 Ring Archer Armor
benni9
11:47 Feudal Age
11:02 Loom
15:03 Castle Age
13:16 Double-Bit Axe
17:07 Bow Saw
19:23 Wheelbarrow
18:59 Horse Collar
21:04 Loom
21:37 Hand Cart
21:34 Fishing Lines
22:39 Gold Mining
23:58 Heavy Plow
23:56 Gillnets
28:47 Imperial Age
26:28 Husbandry
27:14 Scale Barding Armor
27:20 Forging
27:22 Bloodlines
27:27 Light Cavalry
29:11 Chain Barding Armor
29:39 Iron Casting
30:20 Hussar
34:29 Ballistics
34:20 Stone Mining
36:21 Chemistry
35:36 Heavy Scorpion
37:30 Gold Shaft Mining
38:16 Conscription
Connection lost

Rejoining the realm…

Still unreachable

The connection could not be restored.

Session expired

The server has moved on; the page needs a fresh start.